 Dungeon Crawl Stone Soup version 0.23-a0-473-gc8aadda (webtiles) character file.

181 theanonym the Skirmisher (level 5, -8/42 HPs)
             Began as a Mummy Warper on Nov 28, 2018.
             Was a Follower of Cheibriados.
             Mangled by an ogre
             ... wielding a +0 giant club
              (28 damage)
             ... on level 4 of the Dungeon.
             The game lasted 00:04:05 (3797 turns).

theanonym the Skirmisher (Mummy Warper)             Turns: 3797, Time: 00:04:06

Health: -8/42      AC:  9    Str: 18    XL:     5   Next: 34%
Magic:  9/9        EV:  7    Int: 16    God:    Cheibriados [*.....]
Gold:   135        SH:  3    Dex: 16    Spells: 9/9 levels left

rFire    x . .     SeeInvis .   l - +4 dagger
rCold    + . .     Gourm    .   (no shield)
rNeg     + + +     Faith    .   j - +0 chain mail
rPois    ∞         Spirit   .   (no helmet)
rElec    .         Reflect  +   (no cloak)
rCorr    .         Harm     .   (no gloves)
MR       .....                  c - +0 pair of boots
Stlth    ..........             d - +3 amulet of reflection
HPRegen  0.14/turn              g - +2 ring of dexterity
MPRegen  0.11/turn              (no ring)

@: very slow
A: no food or potions, fire vulnerability, cold resistance 1, negative energy
resistance 3, torment resistance, unbreathing
a: Bend Time, Renounce Religion


Innate Abilities, Weirdness & Mutations

You do not eat or drink.
Your flesh is vulnerable to fire.
You are immune to poison.
Your flesh is cold resistant. (rC+)
You are immune to negative energy. (rN+++)
You are immune to unholy pain and torment.
You can survive without breathing.


   Skills:
 + Level 4.0 Fighting
 + Level 3.3 Short Blades
 - Level 0.7 Throwing
 - Level 0.7 Armour
 - Level 1.5 Dodging
 - Level 2.6 Spellcasting
   Level 2.4 Translocations
 - Level 1.1 Invocations


You had 9 spell levels left.
You didn't know any spells.
Your spell library contained the following spells:

 Spells                   Type           Power        Failure   Level  Hunger
 Blink                    Tloc           N/A          85%         2    N/A
 Shroud of Golubria       Chrm/Tloc      #.........   95%         2    N/A
 Magic Dart               Conj           #...         96%         1    N/A
 Gell's Gravitas          Tloc           #.........   97%         3    N/A
 Lesser Beckoning         Tloc           #.........   97%         3    N/A
 Teleport Other           Tloc           #.......     97%         3    N/A
 Call Imp                 Summ           #.......     99%         2    N/A
 Slow                     Hex            #.......     99%         2    N/A
 Conjure Flame            Conj/Fire      #.......     100%        3    N/A
 Mephitic Cloud           Conj/Pois/Air  #.......     100%        3    N/A
 Passage of Golubria      Tloc           N/A          100%        4    N/A

Skill      XL: |  1  2  3  4  5 |
---------------+----------------+-----
Short Blades   | 2 3 |  3.3
Fighting       | 3 4 |  4.0
Invocations    | 1 |  1.1
Throwing       | |  0.7
Armour         | |  0.7
Dodging        | |  1.5
Spellcasting   | |  2.6
Translocations | |  2.4

Action                   |  1- 3 |  4- 6 || total
-------------------------+-------+-------++-------
Melee: Short sword       |   189 |    98 ||   287
       Dagger            |       |    20 ||    20
Throw: Tomahawk          |       |     1 ||     1
  Use: Scroll            |     4 |       ||     4
Armor: Leather armour    |    18 |       ||    18
       Ring mail         |    25 |       ||    25
       Chain mail        |    26 |    57 ||    83
Dodge: Dodged            |    95 |    25 ||   120
Block: Other             |     2 |    15 ||    17

Inventory:

Hand Weapons
 l - a +4 dagger (weapon)
   (You took it off an orc wizard on level 4 of the Dungeon)
Missiles
 b - 26 bolts
 e - 4 tomahawks of dispersal (quivered)
Armour
 c - a +0 pair of boots (worn)
   (You found it on level 2 of the Dungeon)
 j - a +0 chain mail (worn)
   (You took it off a hobgoblin on level 2 of the Dungeon)
Jewellery
 d - a +3 amulet of reflection (around neck)
   (You found it on level 2 of the Dungeon)
 g - a +2 ring of dexterity (left hand)
   (You found it on level 2 of the Dungeon)
Scrolls
 f - a scroll of amnesia
 h - a scroll of enchant armour {unknown}
 i - a scroll of enchant weapon
 k - a scroll of magic mapping {unknown}
 n - 3 scrolls of remove curse
 B - 2 scrolls of blinking


You were on level 4 of the Dungeon.
You worshipped Cheibriados.
Cheibriados was aware of your devotion.
You were not hungry.

You visited 1 branch of the dungeon, and saw 4 of its levels.

You collected 135 gold pieces.

Dungeon Overview and Level Annotations

Branches:
Dungeon (4/15)
 Temple: D:4-7

Altars:
Ashenzari
Cheibriados
Elyvilon
Nemelex Xobeh
Zin
The Shining One

Shops:
D:4

= ####### . #.....# ..
#.....# ..# #.....# ...#
##########.@...# #### ....#
...........#O#####..#.....#
...........#Z...Z...'.....#
...........#........#....>.
...........####+###+# ....8
#+########.......... ....
.......'.......... 8.∩
.).....#.......... ..
.###...#..........


8 You could see an ogre and an adder skeleton.

Notes
Turn   | Place    | Note
-------+----------+-------------------------------------------
     0 | D:1      | theanonym the Mummy Warper began the quest for the Orb.
     0 | D:1      | Reached XP level 1. HP: 16/16 MP: 4/4
    96 | D:1      | HP: 8/17 [hobgoblin/+0 club (5)]
   122 | D:1      | Reached skill level 2 in Short Blades
   122 | D:1      | Reached XP level 2. HP: 13/23 MP: 5/5
   835 | D:2      | HP: 10/23 [worm (4)]
  1035 | D:2      | Reached XP level 3. HP: 18/28 MP: 7/7
  1098 | D:2      | HP: 13/28 [worm (6)]
  1100 | D:2      | Reached skill level 3 in Fighting
  1298 | D:2      | Found a snail-covered altar of Cheibriados.
  1311 | D:2      | Became a worshipper of Cheibriados the Contemplative
  1429 | D:2      | HP: 14/29 [worm (6)]
  1810 | D:2      | Found a glowing golden altar of the Shining One.
  2182 | D:3      | Reached XP level 4. HP: 24/35 MP: 8/8
  2187 | D:3      | HP: 15/35 [orc priest/divine providence (7)]
  2193 | D:3      | HP: 4/35 [orc priest/divine providence (12)]
  2206 | D:2      | HP: 5/35 [orc/+0 dagger (1)]
  2631 | D:3      | HP: 15/35 [worker ant (5)]
  2635 | D:3      | HP: 3/35 [worker ant (6)]
  2638 | D:3      | Reached skill level 3 in Short Blades
  2638 | D:3      | Reached skill level 1 in Invocations
  2925 | D:3      | Found a sparkling altar of Nemelex Xobeh.
  3069 | D:3      | Reached * piety under Cheibriados
  3075 | D:3      | Found a shattered altar of Ashenzari.
  3075 | D:3      | Found a white marble altar of Elyvilon.
  3143 | D:3      | Reached XP level 5. HP: 41/42 MP: 9/9
  3155 | D:3      | Found a glowing silver altar of Zin.
  3624 | D:4      | Reached skill level 4 in Fighting
  3785 | D:4      | Found Dokon's Jewellery Shoppe.
  3785 | D:4      | Noticed an ogre
  3791 | D:4      | HP: 19/42 [ogre/+0 giant club (22)]
  3797 | D:4      | Mangled by an ogre

Vanquished Creatures
  An orc priest (D:3)
  An orc wizard (D:4)
  A worker ant (D:3)
  2 adders (D:2)
  3 worms (D:2)
  2 dart slugs (D:1)
  2 leopard geckos
  9 orcs
  2 giant cockroaches
  4 goblins
  6 hobgoblins
  3 jackals (D:1)
  A quokka (D:3)
  10 bats
  6 frilled lizards
  6 kobolds
  3 rats
62 creatures vanquished.

Table legend:
 A = Turns spent in this place as a percentage of turns spent in the entire game.
 B = Non-inter-level travel turns spent in this place as a percentage of non-inter-level travel turns spent in the entire game.
 C = Inter-level travel turns spent in this place as a percentage of turns spent in this place.
 D = Turns resting spent in this place as a percentage of non-inter-level travel turns spent in this place.
 E = Turns spent auto-exploring this place as a percentage of non-inter-level travel turns spent in this place.
 F = Non-inter-level travel turns spent in this place divided by the number of levels of this place that you've seen.
                   A       B       C       D       E      F
               +-------+-------+-------+-------+-------+----------------------
         Total | 100.0 | 100.0 |   5.9 |  36.0 |  48.3 | 893.2
       Dungeon | 100.0 | 100.0 |   5.9 |  36.0 |  48.3 | 893.2
               +-------+-------+-------+-------+-------+----------------------
